 Dungeon Crawl Stone Soup version 0.30-a0-292-g0f741e3f8e (webtiles) character file.

Game seed: 5570998970667603697

10 Flugkiller the Covered (level 2, 24/24 HPs)
             Began as a Demonspawn Wanderer on Oct 17, 2022.
             Quit the game on level 1 of the Dungeon.
             The game lasted 00:00:38 (278 turns).

Flugkiller the Covered (Demonspawn Wanderer)         Turns: 278, Time: 00:00:38

Health: 24/24      AC:  8    Str: 12    XL:     2   Next: 10%
Magic:  5/5        EV:  8    Int: 14    God:
Gold:   14         SH:  0    Dex: 11    Spells: 4/5 levels left

rFire   . . .      SeeInvis .    a - +0 club
rCold   . . .      Faith    .    (no shield)
rNeg    . . .      Spirit   .    d - +2 scale mail
rPois   +          Reflect  .    (no helmet)
rElec   .          Harm     .    (no cloak)
rCorr   .          Rampage  .    (no gloves)
Will    .....                    (no boots)
Stlth   ..........               (no amulet)
HPRegen 0.24/turn                o - ring of poison resistance
MPRegen 0.18/turn                (no ring)

@: no status effects
A: magic regeneration
a: no special abilities


You were on level 1 of the Dungeon.
You visited 1 branch of the dungeon, and saw 1 of its levels.

You collected 14 gold pieces.

Inventory:

Hand Weapons
 a - a +0 club (weapon)
Armour
 d - a +2 scale mail (worn)
Jewellery
 o - a ring of poison resistance (left hand)
   (You found it on level 1 of the Dungeon)
Scrolls
 b - a scroll of fog
 f - a scroll of identify {unknown}
 g - a scroll of enchant armour {unknown}
Potions
 c - a potion of lignification
 e - a potion of heal wounds {unknown}


   Skills:
 + Level 3.6 Fighting
 - Level 3.6 Armour
 - Level 2.0 Spellcasting
 - Level 1.0 Earth Magic


You had 4 spell levels left.
You knew the following spells:

 Your Spells              Type           Power      Damage    Failure   Level
a - Sandblast             Erth           8%         2d5       58%         1

Your spell library contained the following spells:

 Spells                   Type           Power      Damage    Failure   Level
 Stone Arrow              Conj/Erth      4%         3d7       95%         3
 Gell's Gravitas          Tloc           1%         N/A       98%         3
 Teleport Other           Tloc           1%         N/A       98%         3
 Dispersal                Tloc           0%         N/A       100%        6


Dungeon Overview and Level Annotations

Branches:
Dungeon (1/15) Zot: 5712

Altars:


Innate Abilities, Weirdness & Mutations

You regenerate magic rapidly.


Message History

You hit the kobold.
You kill the kobold!
The jackal bites you but does no damage.
Items here: ( ) †††.
You hit the jackal.
The jackal is lightly wounded.
The jackal bites you but does no damage.
The jackal barely misses you.
You miss the jackal.
The jackal bites you but does no damage. x2
You hit the jackal.
The jackal is lightly wounded.
The jackal closely misses you.
You hit the jackal.
The jackal is moderately wounded.
The jackal bites you. The jackal barely misses you.
You closely miss the jackal.
The jackal is moderately wounded.
The jackal bites you but does no damage.
The jackal barely misses you.
You hit the jackal.
You kill the jackal!
You see here a jackal corpse.
Items here: ( ) †††.
You start resting.
HP restored.
You see here a jackal corpse.
There is a stone staircase leading down here.
g - a scroll labelled TEYNLE LURIRCH You now have 8 gold pieces.
A rat comes into view.
A rat is nearby!
A rat is nearby!
Found 6 gold pieces.
The rat bites you but does no damage.
You hit the rat.
The rat is heavily wounded.
The rat barely misses you.
You hit the rat.
You kill the rat!
No target in view!
No target in view!
No target in view!
No target in view!
No target in view!
You see here a rat corpse.
You now have 14 gold pieces (gained 6).
A giant cockroach comes into view.
A giant cockroach is nearby!
A giant cockroach is nearby!
You hit the giant cockroach.
The giant cockroach is moderately wounded.
The giant cockroach misses you.
The giant cockroach bites you but does no damage.
You hit the giant cockroach but do no damage.
The giant cockroach is moderately wounded.
The giant cockroach bites you but does no damage.
You hit the giant cockroach but do no damage.
The giant cockroach is moderately wounded.
The giant cockroach completely misses you.
The giant cockroach bites you but does no damage.
You hit the giant cockroach.
You kill the giant cockroach!
No target in view!
No target in view!
No target in view!
You see here a giant cockroach corpse.
You open the door.
There is an open door here.
A bat comes into view.
A bat is nearby!
A bat is nearby!
A goblin comes into view. It is wielding a +0 dagger.
Found a spear.
The bat hits you.
You closely miss the bat. The bat barely misses you.
The bat hits you but does no damage. x2
The bat hits you but does no damage.
You hit the bat.
The bat is heavily wounded.
The bat barely misses you.
You barely miss the bat.
The bat is moderately wounded.
The bat closely misses you. The bat hits you but does no damage.
The goblin barely misses you.
You hit the bat.
You kill the bat!
The goblin hits you but does no damage.
You have reached level 2!
Your demonic ancestry asserts itself...
Your magic begins to regenerate rapidly.
You hit the goblin.
You kill the goblin!
No target in view!
Things that are here:
a +0 dagger; a goblin corpse No target in view!
You see here a bat corpse.
o - a ring of poison resistance
o - a ring of poison resistance (left hand) Are you sure you want to abandon this character and quit the game? (Confirm with "yes".)

.... #... ... #...........#
..# #. .......... ..
............ #. .#.........
#.## .......... #####
#.@####......... ##...##
##...##......... #..<..#
###.##.).......
######.....######...†......).
##...###...###...###..########
.......##'##.......##.#
........#.#.........#.#
........'.'.........#.#
........#.#.........#.#


There were no monsters in sight!

Vanquished Creatures
  A bat (D:1)
  A giant cockroach (D:1)
  A goblin (D:1)
  3 jackals (D:1)
  A kobold (D:1)
  2 rats (D:1)
9 creatures vanquished.

Notes
Turn   | Place    | Note
-------+----------+-------------------------------------------
     0 | D:1      | Flugkiller the Demonspawn Wanderer began the quest for the
                  | Orb.
     0 | D:1      | Flugkiller set off with the following items: a +0 club, a
                  | scroll of fog, a potion of lignification, a +2 scale mail;
                  | and the following spell memorised: Sandblast; and the
                  | following spells available to memorise: Stone Arrow.
     0 | D:1      | Reached XP level 1. HP: 18/18 MP: 3/3
   268 | D:1      | Gained mutation: You regenerate magic rapidly. [demonic
                  | ancestry]
   268 | D:1      | Reached XP level 2. HP: 24/24 MP: 5/5
   278 | D:1      | Quit the game

Illustrated notes

Levels and vault maps discovered:
D:1:      dpeg_arrival_three_bigger_balls, layout_basic, minmay_surrounded

Action                   || total
-------------------------++-------
Melee: Club              ||    32
Armor: Scale mail        ||    29
Dodge: Dodged            ||    19

Table legend: (Time is in decaauts)
 A = Elapsed time spent in this place.
 B = Non-inter-level travel time spent in this place.
 C = Inter-level travel time spent in this place.
 D = Time resting spent in this place.
 E = Time spent auto-exploring this place.
 F = Levels seen in this place.
 G = Mean time per level.
                   A        B        C        D        E       F      G
               +--------+--------+--------+--------+--------+-----+--------+
         Total |    287 |    287 |      0 |     32 |    170 |   1 |  287.0 |
       Dungeon |    287 |    287 |      0 |     32 |    170 |   1 |  287.0 |
               +--------+--------+--------+--------+--------+-----+--------+

Top non-repeatable levels by time:
     D:1: 287 daAuts
